 Dungeon Crawl Stone Soup version 0.32-a0-685-g93135e86f0 (webtiles) character file.

Game seed: 12958393053658700660

162391 gimp the Spry (level 17, 0/136 (176) HPs)
             Began as an Oni Shapeshifter on Mar 13, 2024.
             Was a High Priest of Ru.
             Slain by a large abomination (20 damage)
             ... while paralysed by a dread lich
             ... on level 3 of the Abyss.
             The game lasted 01:09:10 (32664 turns).

gimp the Spry (Oni Shapeshifter)                   Turns: 32664, Time: 01:09:11

HP:   0/136 (176)   AC:  3    Str: 24    XL:     17   Next: 81%
MP:   17/17         EV:  1    Int: 11    God:    Ru [*****.]
Gold: 631           SH:  0    Dex: 14    Spells: 16/16 levels left

rFire   . .          .
                       - Unarmed
rCold   . . .        (shield currently unavailable)
rNeg    . . .        C - melded +0 steam dragon scales
rPois   +            u - +0 hat of Kyboir {Rampage rElec Str+4}
rElec   +            G - +1 cloak
rCorr   .            (gloves unavailable)
SInv    .            (boots unavailable)
Will    +....        v - amulet of the acrobat Stlth
                     N - ring of poison resistance
HPRegen 0.00/turn    s - +5 ring of evasion
MPRegen 0.15/turn

%: acrobat, rampage
@: paralysed, about to teleport, flux-form, sick, glowing, heavily drained
A: glow, contaminating, large, unfitting armour, horns 1, tough skin 1, weak 1,
no stealth, hated by all, inability to train armour, no conjurations magic, no
earth magic, no hexes magic, disrupted magic 1, double potion healing, drunken
brawling, persistent drain
a: Begin Untransformation, Renounce Religion, Draw Out Power, Power Leap,
Apocalypse


You were on level 3 of the Abyss.
You worshipped Ru.
Ru was extremely pleased with you.
You were something dangerously unstable.
You visited 4 branches of the dungeon, and saw 23 of its levels.
You visited the Abyss 1 time.
You also visited: Volcano.

You collected 2586 gold pieces.
You spent 1955 gold pieces at shops.

Inventory:

Missiles
 Q - 2 curare-tipped darts (quivered)
Armour
 e - a +1 robe of fire resistance
 u - the +0 hat of Kyboir (worn) {Rampage rElec Str+4}
   (You found it on level 5 of the Dungeon)

   Str+4:     It affects your strength (+4).
   rElec:     It insulates you from electricity.
   Rampage:   It bestows one free step when moving towards enemies.
 C - +0 steam dragon scales (melded)
 E - the +0 cloak "Vysiz" {rElec Str-5 Dex+3}
   (You bought it in a shop on level 9 of the Dungeon)

   Str-5:     It affects your strength (-5).
   Dex+3:     It affects your dexterity (+3).
   rElec:     It insulates you from electricity.
 G - a +1 cloak (worn)
 S - the +2 hat of Vehumet's Whim {rC++ SInv}
   (You acquired it on level 14 of the Dungeon)

   rC++:      It greatly protects you from cold.
   SInv:      It lets you see invisible.
Jewellery
 f - a ring of fire
 i - a +6 ring of dexterity
 q - a ring of wizardry
 s - a +5 ring of evasion (right hand)
 v - an amulet of the acrobat (around neck)
 D - a ring of resist corrosion
 N - a ring of poison resistance (left hand)
 O - a ring of positive energy
 T - a +6 ring of strength
Talismans
 c - a beast talisman
 d - a flux talisman (active)
 P - a dragon-blood talisman
Wands
 a - a wand of paralysis (2)
 x - a wand of flame (30)
 y - a wand of light (19)
 z - a wand of polymorph (19)
 R - a wand of mindburst (15)
Scrolls
 j - 2 scrolls of vulnerability
 k - 4 scrolls of poison
 l - 5 scrolls of fog
 o - 4 scrolls of enchant armour
 B - 2 scrolls of immolation
 I - 4 scrolls of revelation
 J - 4 scrolls of fear
 M - 3 scrolls of blinking
 U - a scroll of identify
 V - a scroll of silence
Potions
 b - 5 potions of lignification
 g - a potion of invisibility
 m - a potion of brilliance
 n - a potion of magic
 p - 2 potions of enlightenment
 w - 5 potions of haste
 A - a potion of attraction
 F - a potion of mutation
 H - 2 potions of ambrosia
 K - a potion of resistance
 L - 3 potions of might


   Skills:
 - Level 13.1 Fighting
 + Level 16.6 Dodging
 + Level 14.8 Unarmed Combat
 * Level 15.6 Shapeshifting


You had 16 spell levels left.
You didn't know any spells.
Your spell library contained the following spells:

 Spells                   Type           Power      Damage    Failure   Level
 Blink                    Tloc           0%         N/A       56%         2
 Lesser Beckoning         Tloc           0%         N/A       56%         2
 Scorch                   Fire           0%         2d5       56%         2
 Swiftness                Air            0%         N/A       78%         3
 Volatile Blastmotes      Fire/Tloc      0%         2d10      78%         3
 Airstrike                Air            0%         2d(0-16)  99%         4
 Ignite Poison            Fire/Alch      0%         N/A       99%         4
 Passage of Golubria      Tloc           0%         N/A       99%         4
 Sticky Flame             Fire/Alch      0%         2d4       99%         4
 Curse of Agony           Necr           0%         N/A       100%        5
 Dispersal                Tloc           0%         N/A       100%        6
 Ignition                 Fire           0%         3d3       100%        8
 Maxwell's Capacitive Co  Air            0%         ∞         100%        8
 Magic Dart               Conj           Unusable   1d3       N/A         1
 Sting                    Conj/Alch      Unusable   1d3       N/A         1
 Ensorcelled Hibernation  Hex/Ice        Unusable   N/A       N/A         2
 Momentum Strike          Conj/Tloc      Unusable   3d8       N/A         2
 Searing Ray              Conj           Unusable   2d4       N/A         2
 Static Discharge         Conj/Air       Unusable   3-3/arc   N/A         2
 Dazzling Flash           Conj/Hex       Unusable   N/A       N/A         3
 Inner Flame              Hex/Fire       Unusable   N/A       N/A         3
 Mephitic Cloud           Conj/Alch/Air  Unusable   N/A       N/A         3
 Passwall                 Erth           Unusable   N/A       N/A         3
 Summon Ice Beast         Ice/Summ       Unusable   N/A       N/A         3
 Flame Wave               Conj/Fire      Unusable   2d4       N/A         4
 Fulminant Prism          Conj/Alch      Unusable   3d5       N/A         4
 Summon Blazeheart Golem  Fire/Summ      Unusable   N/A       N/A         4
 Summon Lightning Spire   Summ/Air       Unusable   N/A       N/A         4
 Irradiate                Conj/Alch      Unusable   3d11      N/A         5
 Silence                  Hex/Air        Unusable   N/A       N/A         5
 Summon Mana Viper        Hex/Summ       Unusable   N/A       N/A         5
 Bombard                  Conj/Erth      Unusable   9d1       N/A         6
 Starburst                Conj/Fire      Unusable   6d3       N/A         6
 Summon Cactus Giant      Summ           Unusable   N/A       N/A         6
 Monstrous Menagerie      Summ           Unusable   N/A       N/A         7
 Lehudib's Crystal Spear  Conj/Erth      Unusable   10d2      N/A         8

Dungeon Overview and Level Annotations

Branches:
Dungeon (15/15)            Temple (1/1) D:5            Lair (5/5) D:11
 Shoals (0/4) Lair:3       Spider (0/4) Lair:3        Slime (0/5) Lair:4
    Orc (2/2) D:12            Elf (0/3) Orc:2        Vaults (0/5) D:13
Volcano (visited)
 Depths: D:15

Altars:
Ashenzari
Cheibriados
Dithmenos
Elyvilon
Gozag
Kikubaaqudgha
Makhleb
Nemelex Xobeh
Okawaru
Qazlal
Ru
Sif Muna
Trog
Uskayaw
Vehumet
Wu Jian
Xom
Zin
The Shining One

Shops:
D:9 [   D:14 *   Orc:2 (!=(?

Annotations:
D:3 4 runed translucent doors, exclusion: 3 doors, cordlesssteve's ghost, amateur MfSh
D:4 1 runed translucent door, exclusion: door, Crazy Yiuf
D:8 1 transporter
D:10 3 runed translucent doors, exclusion: 3 doors, Nietzsche's ghost, novice DsGl
D:11 2 transporters, exclusion: ice statue, olddryhag's ghost, journeyman CoWn
D:13 exclusion: upstairs
Lair:2 Erica
Lair:4 exclusion: 3 oklob plants


Innate Abilities, Weirdness & Mutations

You are something dangerously unstable.
You glow with magical radiation, making you easy to see and hit.
Foes you strike become dangerously contaminated with magical radiation.
You are incapable of wielding weapons or throwing items.
You are too large for most types of armour.
You have a pair of small horns on your head.
You have tough skin. (AC +1)
You are weak. (Str -2)
You cannot be stealthy.
You are hated by all.
You cannot train Armour skill.
You cannot study or cast Conjurations magic.
You cannot study or cast Earth magic.
You cannot study or cast Hexes magic.
Your casting is slightly disrupted.
You gain doubled healing and magic from potions.
Whenever you drink a healing potion, you attack all around you.
Your health recovers twice as slowly from being drained.


Message History

Unknown command.
Unknown command.
You take a swig of the potion and flex your muscles.
You punch something!
The dread lich begins to glow.
The dread lich is lightly damaged.
You are confused.
You savour every drop.
You feel invigorated. The dread lich touches you!
* * * LOW HITPOINT WARNING * * *
You feel drained.
* * * LOW HITPOINT WARNING * * *
You take 6 damage, and have 33/142 hp.
Unknown command.
Unknown command.
Unknown command.
You take a swig of the potion and flex your muscles.
You hit the dread lich but do no damage.
The dread lich glows dangerously bright.
The dread lich is lightly damaged.
Magic courses through your body.
The dread lich gestures wildly while chanting.
You regained 8 hp, and now have 41/142 hp.
You are too confused!
Unknown command.
Unknown command.
Unknown command.
Unknown command.
Unknown command.
Okay, then.
Unknown command.
You punch the dread lich!
The dread lich shudders as magic cascades through it.
Your headbutt misses something. Something misses you.
You regained 4 hp, and now have 45/142 hp.
You bump into the rock wall.
You regained 8 hp, and now have 53/142 hp.
You're too confused to move!
You regained 6 hp, and now have 59/142 hp.
You closely miss something. Your headbutt misses something.
You redirect something's attack!
You regained 4 hp, and now have 63/142 hp.
You closely miss something.
You regained 8 hp, and now have 71/142 hp.
You hit something.
The dread lich begins to glow.
Your headbutt misses the dread lich.
The dread lich is moderately damaged.
The dread lich touches you!
You barely miss the dread lich.
You headbutt the dread lich, but do no damage.
The dread lich is moderately damaged.
The dread lich gestures wildly while chanting.
The dread lich seems to speed up.
You regained 8 hp, and now have 80/142 hp.
Unknown command.
Unknown command.
The dread lich mumbles some strange words.
You regained 10 hp, and now have 90/142 hp.
The dread lich casts a spell at you.
You barely resist.
You regained 10 hp, and now have 100/142 hp.
You feel less invigorated.
You feel less confused.
You regained 8 hp, and now have 108/142 hp.
Okay, then.
Unknown command.
As you read the scroll of teleportation, it crumbles to dust.
You feel strangely unstable.
You feel the power of the Abyss delaying your translocation!
The dread lich misses you.
You hit the dread lich.
The dread lich glows dangerously bright.
You headbutt the dread lich.
The dread lich is moderately damaged.
The dread lich touches you.
You take 3 damage, and have 105/142 hp.
You hit the dread lich.
The dread lich shudders as magic cascades through it!!
You headbutt something. You hit something.
The dread lich begins to glow.
You headbutt the dread lich.
The dread lich is heavily damaged.
You redirect the dread lich's attack!
The dread lich touches you but does no damage.
You punch the dread lich!
The dread lich glows dangerously bright.
You headbutt the dread lich.
The dread lich is heavily damaged.
The dread lich misses you.
You hit the dread lich.
The dread lich shudders as magic cascades through it!
You hear some strange, mumbled words.
You suddenly lose the ability to move!
Something touches you!! The large abomination hits you!!!
Something touches you!
* * * LOW HITPOINT WARNING * * *
You feel drained.
* * * LOW HITPOINT WARNING * * *
Something touches you!
* * * LOW HITPOINT WARNING * * *
The large abomination hits you!!
You die...
Ru respects your ultimate sacrifice.

## 1## .#
##..#.#
..#####.{..#
##..#.L###.#
......#.###
.####..#{.#
.......p##..#
.####..X.#
#.. #.#..#
.#. ..##.#.
..# .....
.... ....##
#.# .#. # ..
.. ##


You could see a large abomination.

Vanquished Creatures
  Saint Roka (Orc:2)
  A tentacled starspawn (Abyss:3)
  Kirke (Lair:5)
  Frances (D:12)
  An orc warlord (Orc:1)
  Nessos (D:13)
  A blizzard demon (Abyss:3)
  A green death (Abyss:3)
  Josephine (Lair:4)
  An entropy weaver (shapeshifter) (D:14)
  3 fire dragons (D:14)
  A great orb of eyes (D:14)
  Erolcha (D:12)
  2 rakshasas
  4 vault guards (D:13)
  7 hydras
  An ogre mage (D:14)
  9 boulder beetles
  5 two-headed ogres
  2 catoblepae
  7 centaur warriors
  A deep troll shaman (Lair:5)
  6 death yaks
  3 tengu warriors
  An occultist (D:14)
  3 thrashing horrors (Abyss:3)
  3 orc high priests (Orc:2)
  A hell knight (D:15)
  A wretched star (Abyss:3)
  2 skysharks (Lair:5)
  3 deep trolls
  12 skeletal warriors
  A pharaoh ant (Lair:3)
  2 flayed ghosts (D:15)
  4 large abominations (Abyss:3)
  2 lindwurms (Lair:5)
  2 deep elf archers (Volcano)
  2 arcanists
  11 deep elf pyromancers
  A lindwurm (shapeshifter) (D:14)
  7 orc knights
  A harpy (shapeshifter) (D:14)
  6 orc sorcerers
  7 ugly things
  A wolf spider (D:15)
  8 cyclopes
  3 meliai (D:14)
  11 elephants
  Maurice (D:7)
  4 manticores
  Joseph (D:7)
  5 kobold blastminers (Orc:2)
  2 centaur zombies (D:11)
  Maggie (D:7)
  4 black mambas
  7 cane toads
  A smoke demon (Abyss:3)
  A cane toad (shapeshifter) (D:14)
  An efreet (D:14)
  3 rime drakes
  7 komodo dragons
  3 unseen horrors
  A yaktaur (D:14)
  5 tengu conjurers
  A freezing wraith (D:14)
  5 trolls
  3 merfolk (Lair:3)
  An ancient zyme (Abyss:3)
  A hellwing (Abyss:3)
  2 trolls (shapeshifter)
  A queen bee (D:11)
  A polar bear (Lair:2)
  8 blink frogs
  Prince Ribbit (D:6)
  2 hornets
  7 raiju (Abyss:3)
  3 dream sheep (Lair:5)
  A jumping spider (Lair:3)
  3 centaur simulacra
  A slime creature (D:14)
  4 shadows
  An air elemental (D:13)
  3 small abominations (Abyss:3)
  3 fire elementals (Volcano)
  7 wraiths
  A vampire (D:12)
  11 wyverns
  4 hogs (Lair:5)
  A steam dragon (D:7)
  47 yaks
  3 basilisks
  2 humans (D:10)
  A golden eye (D:13)
  A redback (D:14)
  2 wargs
  12 vampire mosquitoes
  2 chaos spawn (Abyss:3)
  A neqoxec (Abyss:3)
  Duvessa (D:6)
  2 acid dragons (D:14)
  6 hell hounds (Volcano)
  Edmund (D:4)
  18 water moccasins
  4 black bears
  20 orc warriors
  4 sky beasts (D:13)
  2 laughing skulls
  11 ogres
  A boggart (D:14)
  8 centaurs
  3 phantoms
  13 wolves
  2 kobold brigands
  11 bullfrogs
  A gnoll sergeant (D:10)
  3 scorpions
  Dowan (D:6)
  A troll zombie (D:12)
  7 wights
  43 killer bees
  6 howler monkeys
  2 hounds
  2 bombardier beetles
  A jelly (D:6)
  14 orc priests
  4 iguanas
  21 orc wizards
  5 ogre zombies (D:12)
  13 gnolls
  13 adders
  2 white imps
  2 ufetubi (D:7)
  A dart slug (D:2)
  A ribbon worm (D:4)
  77 orcs
  8 ball pythons
  4 bats
  3 endoplasms
  7 giant cockroaches
  3 gnoll zombies (D:12)
  13 goblins
  5 hobgoblins
  2 jackals (D:1)
  2 quokkas
  3 frilled lizards
  2 gnoll skeletons (D:12)
  A jackal zombie (D:3)
  17 kobolds
  4 orc skeletons (D:12)
  10 orc zombies (D:12)
  8 rats
  A butterfly (Lair:3)
771 creatures vanquished.

Vanquished Creatures (others)
  A harpy zombie (Abyss:3)
  A dream sheep (Lair:5)
  An ogre (Orc:1)
  A gnoll sergeant (D:8)
  A shadow imp (D:5)
  3 orcs (Orc:2)
8 creatures vanquished.

Grand Total: 779 creatures vanquished

Notes
Turn   | Place    | Note
-------+----------+-------------------------------------------
     0 | D:1      | gimp the Oni Shapeshifter began the quest for the Orb.
     0 | D:1      | Reached XP level 1. HP: 19/19 MP: 1/1
   189 | D:1      | Reached XP level 2. HP: 22/28 MP: 2/2
   263 | D:1      | Reached skill level 2 in Dodging
   728 | D:1      | Reached XP level 3. HP: 34/36 MP: 3/3
  1086 | D:2      | Reached XP level 4. HP: 46/46 MP: 4/4
  1429 | D:2      | Got Sif Muna's Encyclopedia of Illusory Displacement
  1535 | D:3      | Found a runed translucent door.
  1535 | D:3      | Noticed a human
  1540 | D:3      | Found a basalt altar of Yredelemnul.
  1765 | D:3      | Reached XP level 5. HP: 40/55 MP: 5/5
  1816 | D:3      | Found a glowing golden altar of the Shining One.
  1817 | D:3      | Found a white marble altar of Elyvilon.
  1820 | D:3      | Found a glowing silver altar of Zin.
  1907 | D:3      | Found a runed translucent gate.
  1907 | D:3      | Found a runed translucent gate.
  1907 | D:3      | Found a runed translucent gate.
  1913 | D:3      | Noticed cordlesssteve's ghost (amateur MfSh)
  2027 | D:3      | Found a faded altar of an unknown god.
  2266 | D:4      | Identified the +4 hammer of Eskui {protect, rC+ Will- Int+4
                  | Dex+3}
  2278 | D:4      | Found a runed translucent door.
  2279 | D:4      | Noticed Crazy Yiuf
  2355 | D:4      | Noticed Edmund
  2361 | D:4      | Reached skill level 5 in Fighting
  2361 | D:4      | Reached skill level 3 in Dodging
  2511 | D:4      | Noticed a phantom
  2524 | D:4      | Killed a phantom
  2525 | D:4      | Reached XP level 6. HP: 48/66 MP: 6/6
  2991 | D:4      | Killed Edmund
  2992 | D:4      | Reached skill level 4 in Dodging
  2992 | D:4      | Reached XP level 7. HP: 72/72 MP: 7/7
  3337 | D:5      | Entered Level 5 of the Dungeon
  3362 | D:5      | Found a staircase to the Ecumenical Temple.
  3377 | Temple   | Entered the Ecumenical Temple
  3399 | Temple   | Became a worshipper of Ru the Awakened
  3474 | D:5      | Identified the +0 hat of Kyboir {Rampage rElec Str+4}
  3691 | D:5      | Reached skill level 5 in Shapeshifting
  3795 | D:5      | Noticed a wyvern
  3801 | D:5      | Killed a wyvern
  3802 | D:5      | Reached XP level 8. HP: 69/80 MP: 8/8
  3891 | D:5      | Found a radiant altar of Vehumet.
  3902 | D:5      | Reached skill level 5 in Unarmed Combat
  4001 | D:5      | Reached skill level 5 in Dodging
  4467 | D:6      | Noticed a wyvern
  4486 | D:5      | Killed a wyvern
  5039 | D:6      | Reached XP level 9. HP: 80/88 MP: 9/9
  5102 | D:6      | Gained mutation: You cannot train Armour skill. [Ru
                  | sacrifice]
  5102 | D:6      | Reached * piety under Ru
  5505 | D:7      | Noticed Prince Ribbit
  5520 | D:6      | Killed Prince Ribbit
  5521 | D:6      | Reached skill level 6 in Dodging
  5713 | D:7      | Found a sparkling altar of Nemelex Xobeh.
  5716 | D:7      | Noticed Dowan
  5716 | D:7      | Noticed Duvessa
  5748 | D:6      | Killed Duvessa
  5753 | D:6      | Killed Dowan
  6118 | D:7      | Noticed Maurice
  6123 | D:7      | Reached skill level 7 in Dodging
  6151 | D:7      | Killed Maurice
  6268 | D:7      | Noticed Maggie
  6284 | D:7      | Killed Maggie
  6285 | D:7      | Reached XP level 10. HP: 80/96 MP: 10/10
  6666 | D:7      | Noticed Joseph
  6679 | D:7      | Killed Joseph
  6958 | D:8      | Found a transporter.
  7117 | D:8      | Reached skill level 8 in Dodging
  7661 | D:8      | Gained mutation: You cannot be stealthy. [Ru sacrifice]
  7661 | D:8      | Reached ** piety under Ru
  7707 | D:8      | Found a blossoming altar of Fedhas.
  8111 | D:9      | Found Yzuclerph's Antique Armour Emporium.
  8143 | D:9      | Noticed a two-headed ogre
  8154 | D:9      | Killed a two-headed ogre
  8282 | D:9      | Bought a steaming cloak for 294 gold pieces
  8282 | D:9      | Identified the +0 cloak "Vysiz" {rElec Str-5 Dex+3} (You
                  | bought it in a shop on level 9 of the Dungeon)
  8305 | D:9      | Noticed a two-headed ogre
  8328 | D:9      | Killed a two-headed ogre
  8329 | D:9      | Reached XP level 11. HP: 102/102 MP: 11/11
  8354 | D:9      | Noticed a two-headed ogre
  8362 | D:9      | Killed a two-headed ogre
  8363 | D:9      | Reached skill level 9 in Dodging
  8418 | D:10     | Entered Level 10 of the Dungeon
  8460 | D:10     | Found a runed translucent gate.
  8460 | D:10     | Found a runed translucent gate.
  8461 | D:10     | Found a runed translucent gate.
  8462 | D:10     | Noticed Nietzsche's ghost (novice DsGl)
  8933 | D:10     | Found a stormy altar of Qazlal.
  9175 | D:10     | Noticed a two-headed ogre
  9180 | D:10     | Killed a two-headed ogre
  9192 | D:10     | Found an iron altar of Okawaru.
  9624 | D:11     | Found a transporter.
  9631 | D:11     | Noticed olddryhag's ghost (journeyman CoWn)
  9633 | D:11     | Found a transporter.
  9634 | D:11     | Noticed a cyclops
  9634 | D:11     | Noticed a cyclops
  9638 | D:11     | Noticed a six-headed hydra
  9652 | D:11     | Found a staircase to the Lair.
  9684 | D:11     | Noticed a cyclops
  9692 | D:11     | Noticed a cyclops
  9902 | D:11     | Found a basalt altar of Yredelemnul.
 10052 | D:11     | Gained mutation: You cannot study or cast Earth magic. [Ru
                  | sacrifice]
 10052 | D:11     | Gained mutation: You cannot study or cast Hexes magic. [Ru
                  | sacrifice]
 10052 | D:11     | Gained mutation: You cannot study or cast Conjurations
                  | magic. [Ru sacrifice]
 10204 | D:11     | Reached skill level 10 in Dodging
 10311 | D:11     | Reached skill level 10 in Shapeshifting
 10315 | D:11     | Reached skill level 10 in Unarmed Combat
 10710 | D:11     | Noticed a manticore
 10721 | D:11     | Killed a manticore
 11114 | D:12     | Reached XP level 12. HP: 110/111 MP: 12/12
 11271 | D:12     | Found a staircase to the Orcish Mines.
 11898 | D:12     | Noticed Frances
 11951 | Lair:1   | Entered Level 1 of the Lair of Beasts
 12978 | D:11     | Reached skill level 11 in Dodging
 13386 | Lair:1   | Identified the +3 sling "Zulevok" {drain, rC- Dex+5}
 15022 | Lair:2   | Reached skill level 12 in Dodging
 15022 | Lair:2   | Reached XP level 13. HP: 56/118 MP: 13/13
 15634 | Lair:2   | Noticed Erica
 15704 | Lair:3   | Found a hole to the Spider Nest.
 16607 | Lair:3   | Gained mutation: You are hated by all. [Ru sacrifice]
 16607 | Lair:3   | Reached *** piety under Ru
 16607 | Lair:3   | Reached **** piety under Ru
 16651 | Lair:3   | Found a staircase to the Shoals.
 16823 | Lair:4   | Noticed Josephine
 16829 | Lair:4   | Identified the +8 flail "Goblinbane" {spect, rCorr MP-9
                  | Str+7 Stlth-}
 16835 | Lair:4   | Killed Josephine
 17611 | Lair:4   | Reached skill level 13 in Dodging
 18687 | Lair:4   | Found a staircase to the Slime Pits.
 19068 | Lair:5   | Entered Level 5 of the Lair of Beasts
 19099 | Lair:4   | HP: 5/119 [poisoned by a black mamba]
 19988 | Lair:5   | Reached XP level 14. HP: 107/133 MP: 14/14
 20069 | Lair:5   | Noticed Kirke
 20598 | Lair:5   | Gained mutation: Your casting is slightly disrupted. [Ru
                  | sacrifice]
 20598 | Lair:5   | Reached ***** piety under Ru
 21584 | Lair:5   | Reached skill level 14 in Dodging
 22049 | Lair:5   | Killed Kirke
 22050 | Lair:5   | Reached skill level 10 in Fighting
 22510 | Orc:1    | Entered Level 1 of the Orcish Mines
 22553 | Orc:2    | Entered Level 2 of the Orcish Mines
 22600 | Orc:2    | Found a staircase to the Elven Halls.
 22666 | Orc:2    | Found Erchedes's Weapon Boutique.
 22689 | Orc:2    | Noticed Saint Roka
 22754 | Orc:2    | Killed Saint Roka
 23011 | Orc:2    | Found a dark tunnel.
 23034 | Volcano  | Entered a volcano
 23363 | Volcano  | Reached XP level 15. HP: 152/153 MP: 15/15
 23597 | Volcano  | Identified the +2 pair of boots of Eheroga {rF+ Int+2}
 24623 | Orc:1    | Reached skill level 15 in Dodging
 24658 | Orc:1    | Noticed an orc warlord
 24686 | Orc:1    | Killed an orc warlord
 25682 | Orc:2    | Found Zeappauf's Distillery.
 25682 | Orc:2    | Found Nujo's Jewellery Shoppe.
 25684 | Orc:2    | Found Hoxedam's Weapon Shop.
 25684 | Orc:2    | Found Dicigapp's Magic Scroll Shoppe.
 25694 | Orc:2    | Bought a scroll of blinking for 120 gold pieces
 25694 | Orc:2    | Bought a scroll of identify for 32 gold pieces
 25694 | Orc:2    | Bought a scroll of identify for 32 gold pieces
 25694 | Orc:2    | Bought a scroll of revelation for 120 gold pieces
 25694 | Orc:2    | Bought a scroll of fog for 64 gold pieces
 25696 | Orc:2    | Bought a scroll of identify for 32 gold pieces
 25699 | Orc:2    | Bought a dragon-blood talisman for 840 gold pieces
 25704 | Orc:2    | Bought a potion of heal wounds for 70 gold pieces
 25704 | Orc:2    | Bought a potion of curing for 42 gold pieces
 25704 | Orc:2    | Bought a potion of heal wounds for 70 gold pieces
 25704 | Orc:2    | Bought 2 potions of heal wounds for 140 gold pieces
 26182 | D:12     | Noticed Erolcha
 26189 | D:12     | Killed Erolcha
 26304 | D:12     | Killed Frances
 26410 | D:13     | Noticed Nessos
 26426 | D:13     | Killed Nessos
 26594 | D:13     | Paralysed by an air elemental for 1 turns
 26765 | D:13     | Found a gate to the Vaults.
 27217 | D:13     | Reached XP level 16. HP: 156/156 MP: 16/16
 27502 | D:13     | Noticed Sonja
 27503 | D:13     | Sonja changed into Sonja the golden eye
 27503 | D:13     | Noticed Sonja
 27522 | D:13     | Killed Sonja the golden eye
 28279 | D:14     | Found Vem Luu's Assorted Antiques.
 28288 | D:14     | Bought a potion of curing for 99 gold pieces
 28752 | D:14     | Identified the staff of Responsibility {rF+ Str+4 Fire}
 28834 | D:14     | Reached XP level 17. HP: 167/176 MP: 17/17
 29066 | D:14     | Reached skill level 16 in Dodging
 29230 | D:14     | Got Ytrinkyng's Spellbook of Blinking Alchemy
 30082 | D:14     | Identified a scroll of acquirement
 30083 | D:14     | Acquired the +2 hat of Vehumet's Whim {rC++ SInv}
 30380 | D:15     | Entered Level 15 of the Dungeon
 30398 | D:15     | Gained mutation: You are weak. (Str -2) [Ru sacrifice]
 30914 | D:15     | Found a sacrificial altar of Ru.
 31003 | D:15     | Reached skill level 15 in Shapeshifting
 31944 | Abyss:3  | Cast into level 3 of the Abyss (an occultist)
 32141 | Abyss:3  | Noticed a profane servitor
 32172 | Abyss:3  | HP: 2/126 [profane servitor/+2 whip (8)]
 32290 | Abyss:3  | Gained mutation: Your health recovers twice as slowly from
                  | being drained. [a neqoxec]
 32594 | Abyss:3  | Noticed a tentacled starspawn
 32600 | Abyss:3  | Killed a tentacled starspawn
 32633 | Abyss:3  | Found a corrupted altar of Lugonu.
 32638 | Abyss:3  | Noticed a dread lich
 32655 | Abyss:3  | Noticed an Ice Fiend
 32662 | Abyss:3  | Paralysed by something for 5 turns
 32664 | Abyss:3  | Slain by a large abomination

Illustrated notes

Levels and vault maps discovered:
D:1:      orjb1_clovarrival, layout_loops_ring, nicolae_the_louvre
D:2:      layout_basic, kennysheep_generic_room_8
D:3:      layout_basic, dreamdust_divine_triumvirate, dk_yredelemnul_ordeal,
          ebering_ghost_rock_garden, ebering_ecumenical_altar_box
D:4:      layout_loops_ring, minmay_ogre_servants, uniq_crazy_yiuf_cottage,
          uniq_edmund
D:5:      layout_loops_ring, fiery_altar_vehumet, minmay_temple_entry_waves
D:6:      layout_loops_cross, lightli_minifort
D:7:      layout_basic, mainiacjoe_overflow_catwalk, uniq_prince_ribbit1,
          uniq_joseph, uniq_maurice, uniq_duvessa, uniq_maggie
D:8:      layout_gridville, fedhas_altar_fruit_tree, nicolae_diode_basic
D:9:      layout_gridville, serial_shops, shop
D:10:     layout_irregular_city, nicolae_qazlal_style_of_elements,
          okawaru_humans, gammafunk_ghost_necromancy
D:11:     layout_stronghold, minmay_lair_entry_grove, nzn_ghost_randoct,
          lemuel_zombie_altar_yredelemnul
D:12:     cheibrodos_elevator_heist, layout_loops_corners, zombieorc1_lemuel,
          uniq_frances, uniq_erolcha
D:13:     layout_basic, lightli_vaults_fourway_checkpoint,
          dreamdust_looks_like_rain, uniq_sonja, uniq_nessos
D:14:     minmay_the_grid_square_5x5_5x5 [minmay_the_grid_square_5x5_eight,
          minmay_the_grid_square_5x5_inner_i, minmay_the_grid_square_5x5_z,
          minmay_the_grid_square_5x5_slash,
          minmay_the_grid_square_5x5_three_small,
          minmay_the_grid_square_5x5_plus,
          minmay_the_grid_square_5x5_prize_open,
          minmay_the_grid_square_5x5_three,
          minmay_the_grid_square_5x5_prize_deathbox,
          minmay_the_grid_square_5x5_tri_point, minmay_the_grid_square_5x5_tie,
          minmay_the_grid_square_5x5_tetrominoes,
          minmay_the_grid_square_5x5_prize_junk,
          minmay_the_grid_square_5x5_broken_cross,
          minmay_the_grid_square_5x5_hollow_slash,
          minmay_the_grid_square_5x5_shrine1,
          minmay_the_grid_square_5x5_prize_pseudospiral,
          minmay_the_grid_square_5x5_meh,
          minmay_the_grid_square_5x5_prize_snowflake,
          minmay_the_grid_square_5x5_mess, minmay_the_grid_square_5x5_spiral,
          minmay_the_grid_square_5x5_inner_v,
          minmay_the_grid_square_5x5_one_wall,
          minmay_the_grid_square_5x5_misaligned,
          minmay_the_grid_square_5x5_checkered_statues], layout_loops_ring,
          nicolae_wwwww, serial_shops, nicolae_shop_getting_attention
D:15:     kennysheep_seaside_town, layout_rooms, nicolae_ru_path_of_blood
Temple:   cyrus_circular_temple
Lair:1:   layout_cave_pods, special_room [special_room_bee], grunt_megastairs_5
Lair:2:   layout_loops_ring, uniq_erica
Lair:3:   layout_misc_corridors, mainiacjoe_shoals_entry_four_pools,
          nicolae_spider_entry_lesser_pyramids, serial_bayou_shore_b,
          lemuel_fruit_fields, lemuel_fruit_tree
Lair:4:   dreamdust_cave_troll, layout_layer_cave,
          minmay_slime_entry_oklob_open, minmay_holes, uniq_josephine
Lair:5:   grunt_lair_end_beastmaster, layout_small_grid, grunt_megastairs_1,
          uniq_kirke
Orc:1:    layout_caves, minmay_orc_barracks
Orc:2:    grunt_orc_tribal_feast, layout_caves, basic_altar, serial_shops,
          nicolae_shop_bloodbath_and_beyond, nicolae_volcano_entry_hallway,
          mines1_david, uniq_saint_roka
Abyss:3:  base: D:1, evilmike_abyss_rune_siren_acolytes,
          evilmike_abyss_rune_siren_acolytes, doesnt_abyss_rune_brain_food

Skill      XL: |  1  2  3  4  5  6  7  8  9 10 11 12 13 14 15 16 17 |
---------------+----------------------------------------------------+-----
Fighting       | 2 3 4 5 7 11 13 | 13.1
Dodging        | 2 3 4 5 7 8 10 12 13 14 15 16 | 16.6
Shapeshifting  | 4 5 6 7 8 10 11 12 13 14 15 | 15.6
Unarmed Combat | 3 4 5 7 8 10 11 12 13 14 | 14.8

Action                     |  1- 3 |  4- 6 |  7- 9 | 10-12 | 13-15 | 16-18 || total
---------------------------+-------+-------+-------+-------+-------+-------++-------
  Melee: Unarmed           |    83 |   162 |   272 |   842 |  1140 |   646 ||  3145
         Headbutt          |    13 |    31 |    61 |   219 |   326 |   219 ||   869
         Punch             |     2 |     4 |    10 |     2 |     2 |       ||    20
 Invoke: Sacrifice Durabil |       |       |     1 |       |       |       ||     1
         Sacrifice Stealth |       |       |       |     1 |       |       ||     1
         Sacrifice Arcana  |       |       |       |     1 |       |       ||     1
         Reject Sacrifices |       |       |       |     1 |     1 |       ||     2
         Draw Out Power    |       |       |       |       |     6 |     2 ||     8
         Sacrifice Love    |       |       |       |       |     1 |       ||     1
         Power Leap        |       |       |       |       |     2 |       ||     2
         Apocalypse        |       |       |       |       |     4 |     1 ||     5
         Sacrifice Essence |       |       |       |       |     1 |       ||     1
         Sacrifice Purity  |       |       |       |       |       |     1 ||     1
  Evoke: Wand              |       |       |     2 |     6 |    12 |     2 ||    22
    Use: Potion            |       |     1 |     1 |     3 |    16 |    17 ||    38
         Scroll            |       |       |       |    16 |    11 |     7 ||    34
   Stab: Paralysed         |       |       |     4 |    19 |    24 |    13 ||    60
         Sleeping          |       |       |     3 |       |       |       ||     3
         Distracted        |       |       |       |     5 |     4 |     5 ||    14
         Invisible         |       |       |       |     6 |     6 |     6 ||    18
         Petrified         |       |       |       |       |     6 |       ||     6
         Petrifying        |       |       |       |       |     1 |       ||     1
 Armour: Animal skin       |    48 |    82 |    94 |       |       |       ||   224
         Skin              |       |    10 |    20 |   288 |   371 |   230 ||   919
         Steam dragon scal |       |       |     1 |       |       |       ||     1
  Dodge: Dodged            |    41 |    76 |   189 |   927 |  1041 |   521 ||  2795
   Form: Beast             |     1 |       |     2 |       |       |       ||     3
                           |     1 |       |     1 |       |       |       ||     2
         Flux              |       |       |     2 |       |       |       ||     2

Table legend: (Time is in decaauts)
 A = Elapsed time spent in this place.
 B = Non-inter-level travel time spent in this place.
 C = Inter-level travel time spent in this place.
 D = Time resting spent in this place.
 E = Time spent auto-exploring this place.
 F = Levels seen in this place.
 G = Mean time per level.
                   A        B        C        D        E       F      G
               +--------+--------+--------+--------+--------+-----+--------+
         Total |  32080 |  31188 |    892 |   1191 |  24308 |  25 | 1283.2 |
       Dungeon |  19111 |  18591 |    520 |    613 |  14791 |  15 | 1274.1 |
        Temple |     29 |     29 |      0 |      0 |      0 |   1 |   29.0 |
          Lair |   9090 |   8817 |    273 |    100 |   7437 |   5 | 1818.0 |
  Orcish Mines |   2562 |   2463 |     99 |     81 |   1554 |   2 | 1281.0 |
         Abyss |    683 |    683 |      0 |    386 |    109 |   1 |  683.0 |
       Volcano |    603 |    603 |      0 |      9 |    417 |   1 |  603.0 |
               +--------+--------+--------+--------+--------+-----+--------+

Top non-repeatable levels by time:
  Lair:4: 3674 daAuts
    D:14: 2792 daAuts
    D:11: 2674 daAuts
  Lair:5: 1838 daAuts
   Orc:2: 1809 daAuts
  Lair:1: 1762 daAuts
    D:12: 1539 daAuts
    D:15: 1393 daAuts
     D:5: 1326 daAuts
     D:8: 1282 daAuts
    D:13: 1193 daAuts
    D:10: 1188 daAuts
  Lair:3: 1121 daAuts
     D:6: 1117 daAuts
     D:4: 1065 daAuts
